 Dungeon Crawl Stone Soup version 0.18.1-8-gdd0e5ea (webtiles) character file.

3555 pithlit the Fighter (level 9, -12/74 HPs)
             Began as a Demonspawn Gladiator on June 7, 2016.
             Mangled by Maud
             ... wielding a +0 eveningstar of crushing
              (29 damage)
             ... on level 10 of the Dungeon.
             The game lasted 00:22:25 (4102 turns).

pithlit the Fighter (Demonspawn Gladiator)          Turns: 4102, Time: 00:22:26

Health: -12/74     AC: 18    Str: 13    XL:     9   Next: 83%
Magic:  15/15      EV: 11    Int: 11    God:    Xom [...*..]
Gold:   40         SH:  0    Dex: 13    Spells: 0 memorised, 16 levels left

rFire  + . .     SeeInvis .     a - +0 war axe
rCold  . . .     Gourm    .     G - +6 ring mail of the Hall of Blades {rPois Regen+ Str-5}
rNeg   . . .     Faith    .     (no shield)
rPois  +         Spirit   .     c - +0 helmet
rElec  .         Dismiss  .     (no cloak)
rCorr  .         Reflect  .     z - +2 pair of gloves
SustAt .         Harm     .     w - +0 pair of boots
MR     .....     Rnd*Tele +     (no amulet)
Stlth  ++........               (no ring)
                                k - ring of teleportation (curse)

@: not resistant to hostile enchantments, unstealthy
A: fire resistance 1, ignite blood, nightstalker 1, flame cloud immunity
a: Renounce Religion


You were on level 10 of the Dungeon.
You worshipped Xom.
You were a favourite toy of Xom.
You were not hungry.

You visited 1 branch of the dungeon, and saw 8 of its levels.

You collected 236 gold pieces.
You spent 196 gold pieces at shops.

Inventory:

Hand Weapons
 a - a +0 war axe (weapon)
Missiles
 d - 2 throwing nets (quivered)
 H - 8 tomahawks
Armour
 c - a +0 helmet (worn)
 r - a +0 chain mail
 w - a +0 pair of boots (worn)
 z - a +2 pair of gloves (worn)
 G - the +6 ring mail of the Hall of Blades (worn) {rPois Regen+ Str-5}
   (You found it on level 6 of the Dungeon)

   It affects your strength (-5).
   It protects you from poison.
   It increases your rate of regeneration.
Jewellery
 k - a cursed ring of teleportation (left hand)
Wands
 h - a wand of slowing (27/48)
 s - a wand of paralysis (4/24)
 t - a wand of enslavement (17/24)
 u - a wand of random effects (14/48)
 E - a wand of disintegration (3/24)
 K - a wand of confusion (37/48)
Scrolls
 j - 3 scrolls of identify
 l - a scroll of fear {unknown}
 n - 2 scrolls of silence
 o - a scroll of blinking {unknown}
 q - a scroll of enchant armour {unknown}
 y - 3 scrolls of teleportation
 A - 4 scrolls of remove curse
 I - a scroll of enchant weapon {unknown}
 J - a scroll of magic mapping {unknown}
 L - a scroll of random uselessness {unknown}
Potions
 e - a potion of mutation {unknown}
 g - 2 potions of lignification
 p - 2 potions of curing
 v - a potion of might {unknown}
 C - 2 potions of agility
 D - a potion of cancellation {unknown}
 F - a potion of berserk rage {unknown}
Books
 x - a book of Enchantments

   Spells                             Type                      Level
   a - Cause Fear                     Hexes                        4
   b - Yara's Violent Unravelling     Hexes/Transmutation          5
   c - Silence                        Hexes/Air                    5
   d - Deflect Missiles               Charms/Air                   6
   e - Haste                          Charms                       6
   f - Discord                        Hexes                        8
Comestibles
 b - a meat ration
 f - 4 bread rations
 i - a slice of pizza
 m - 8 fruits


   Skills:
 + Level 8.2 Fighting
 + Level 7.8 Axes
 - Level 1.7 Throwing
 + Level 7.6 Armour
 - Level 3.0 Dodging
 + Level 4.3 Unarmed Combat
 + Level 4.2 Spellcasting
 + Level 4.8 Evocations


You had 16 spell levels left.
You didn't know any spells.

Dungeon Overview and Level Annotations

Branches:
Dungeon (7/15)             Temple (0/1) D:5

Altars:
Dithmenos
Elyvilon
Kikubaaqudgha
Okawaru
Trog
Vehumet
Xom
Yredelemnul

Shops:
D:7 (*

Annotations:
D:2 Sigmund
D:10 Maud


Innate Abilities, Weirdness & Mutations

Your flesh is heat resistant.
Your demonic aura causes spilled blood to erupt in flames.
You are slightly more attuned to the shadows.
You are immune to clouds of flame.


Message History

You throw a throwing net.
The throwing net completely misses Maud.
Zapping:
s - a wand of paralysis (5/24)
Press: ? - help, Shift-Dir - straight line, f/p - Maud
Aim: Maud, wielding an eveningstar of crushing and wearing a chain mail (chance to defeat MR: 11%) Maud resists with almost no effort.
This wand has 4 charges left.
Zapping:
E - a wand of disintegration {zapped: 2} (will waste charges)
Press: ? - help, Shift-Dir - straight line, f/p - Maud
Aim: Maud, wielding an eveningstar of crushing and wearing a chain mail (chance to defeat MR: 29%) Maud easily resists.
Evoking this partially-identified wand wasted a few charges.
The area is suffused with divine lightning!
The blast of lightning engulfs you!
Ouch! That really hurt!
* * * LOW HITPOINT WARNING * * *
The blast of lightning engulfs Maud.
You hear a shout!
Maud hits you with an eveningstar of crushing!!
You die...
Xom bursts into laughter!

a.(.# #...#
#...#
###...######
.....+....
###.@.#..###
#...@......#
#..##......##
#...
#.........
#.#
#.....#.#. #
#.###.... #.#
##### #.# #.#
####.#


You could see Maud and a worker ant.

Vanquished Creatures
  Pikel (D:6)
  Menkaure (D:6)
  An ice beast (D:6)
  An orc warrior (D:7)
  An ogre (D:4)
  A phantom (D:7)
  Blork the orc (D:5)
  A giant frog (D:7)
  2 scorpions (D:4)
  3 howler monkeys
  A wasp zombie (D:6)
  A quasit (D:6)
  An orc priest (D:7)
  2 hounds
  A giant frog skeleton (D:4)
  6 worker ants
  Ijyb (D:3)
  An orc wizard (D:5)
  A howler monkey skeleton (D:5)
  4 adders
  A shadow imp (D:7)
  An ooze (D:4)
  2 adder skeletons
  2 dart slugs (D:1)
  4 giant geckos
  14 orcs
  10 bats
  8 giant cockroaches
  6 goblins
  9 hobgoblins
  4 jackals (D:4)
  9 kobolds
  A quokka (D:4)
  A ball python (D:1)
  A ball python skeleton (D:5)
  3 giant newts
  A jackal zombie (D:6)
  4 rats
113 creatures vanquished.

Vanquished Creatures (collateral kills)
  The ghost of Quirk the Covered, a novice MiFi of Okawaru (D:6)
  An ice beast (D:5)
  2 phantoms (D:5)
  A scorpion (D:5)
  A hound (D:5)
  An orc wizard (D:5)
  A centaur skeleton (D:5)
  A giant newt (D:5)
9 creatures vanquished.

Grand Total: 122 creatures vanquished

Notes
Turn   | Place    | Note
--------------------------------------------------------------
     0 | D:1      | pithlit the Demonspawn Gladiator began the quest for the Orb.
     0 | D:1      | Reached XP level 1. HP: 16/16 MP: 1/1
   167 | D:1      | Gained mutation: You are slightly more attuned to the shadows. [demonic ancestry]
   167 | D:1      | Reached XP level 2. HP: 16/22 MP: 2/2
   776 | D:1      | Reached skill level 1 in Armour
   776 | D:1      | Gained mutation: Your flesh is heat resistant. [demonic ancestry]
   776 | D:1      | Reached XP level 3. HP: 28/28 MP: 3/3
  1017 | D:2      | Noticed Sigmund
  1377 | D:3      | Reached XP level 4. HP: 29/34 MP: 4/4
  1430 | D:3      | Noticed Ijyb
  1431 | D:3      | Paralysed by Ijyb for 4 turns
  1440 | D:3      | Paralysed by Ijyb for 2 turns
  1445 | D:3      | Killed Ijyb
  1468 | D:3      | Reached skill level 3 in Fighting
  1634 | D:4      | Reached XP level 5. HP: 20/41 MP: 5/5
  1649 | D:4      | Found a shimmering altar of Xom.
  1820 | D:4      | Became a worshipper of Xom the Begetter of Discontinuities
  1997 | D:4      | Gained mutation: You are immune to clouds of flame. [demonic ancestry]
  1997 | D:4      | Reached XP level 6. HP: 20/48 MP: 6/6
  2315 | D:4      | Reached skill level 4 in Fighting
  2327 | D:4      | XOM: potion effect (haste)
  2373 | D:4      | Found a bloodstained altar of Trog.
  2392 | D:4      | Found a basalt altar of Yredelemnul.
  2393 | D:4      | Found an ancient bone altar of Kikubaaqudgha.
  2395 | D:4      | Found a white marble altar of Elyvilon.
  2447 | D:5      | Entered Level 5 of the Dungeon
  2458 | D:5      | Found a shadowy altar of Dithmenos.
  2460 | D:5      | Noticed Blork the orc
  2461 | D:5      | XOM: potion effect (curing)
  2473 | D:5      | Killed Blork the orc
  2473 | D:5      | Reached XP level 7. HP: 55/55 MP: 7/7
  2506 | D:5      | XOM: harmless Conj miscast
  2515 | D:5      | XOM: potion effect (agility)
  2516 | D:5      | XOM: potion effect (agility)
  2532 | D:5      | XOM: cast spell 'Summon Dragon'
  2535 | D:5      | Reached skill level 5 in Fighting
  2582 | D:5      | Found a radiant altar of Vehumet.
  2602 | D:5      | XOM: scenery: create altars
  2629 | D:5      | Reached skill level 5 in Axes
  2751 | D:5      | Found a staircase to the Ecumenical Temple.
  2918 | D:6      | Noticed Menkaure
  2925 | D:6      | Killed Menkaure
  2925 | D:6      | Reached XP level 8. HP: 63/64 MP: 8/8
  3010 | D:6      | Found an iron altar of Okawaru.
  3072 | D:6      | Noticed Pikel
  3072 | D:6      | XOM: potion effect (experience)
  3072 | D:6      | Reached skill level 7 in Fighting
  3072 | D:6      | Gained mutation: Your demonic aura causes spilled blood to erupt in flames. [demonic ancestry]
  3072 | D:6      | Reached XP level 9. HP: 57/73 MP: 8/15
  3077 | D:6      | XOM: summons 1 hostile demon
  3078 | D:6      | Killed Pikel
  3328 | D:6      | Got an encrusted ring mail
  3341 | D:6      | Identified the +6 ring mail of the Hall of Blades {rPois Regen+ Str-5} (You found it on level 6 of the Dungeon)
  3519 | D:6      | Noticed Quirk's ghost (novice MiFi)
  3524 | D:6      | XOM: repel stairs
  3529 | D:6      | XOM: summons 9 friendly demons
  3548 | D:6      | Killed Quirk's ghost
  3548 | D:6      | Reached skill level 8 in Fighting
  3817 | D:7      | Found Soelemn's Assorted Antiques.
  3822 | D:7      | Bought a scroll labeled UZETOOT ISHON for 28 gold pieces
  3822 | D:7      | Bought a scroll labeled LIXTUCZ DILIC for 28 gold pieces
  3822 | D:7      | Bought a sharpened gold wand for 112 gold pieces
  3822 | D:7      | Bought a scroll labeled QOCSUPH DIUMY for 28 gold pieces
  3943 | D:7      | Found Jucwetoch's Antique Weapon Shop.
  4084 | D:7      | You fall through a shaft for 3 floors!
  4084 | D:10     | Entered Level 10 of the Dungeon
  4097 | D:10     | Noticed Maud
  4102 | D:10     | XOM: divine lightning
  4102 | D:10     | Mangled by Maud

Skill      XL: |  1  2  3  4  5  6  7  8  9 |
---------------+----------------------------+-----
Axes           | 3 4 5 7 |  7.8
Dodging        | 3 |  3.0
Armour         | 1 2 3 4 6 7 |  7.6
Fighting       | 3 4 5 7 8 |  8.2
Unarmed Combat | 4 |  4.3
Spellcasting   | 4 |  4.2
Evocations     | 4 |  4.8
Throwing       | |  1.7

Action                   |  1- 3 |  4- 6 |  7- 9 || total
-------------------------+-------+-------+-------++-------
Melee: War axe           |   145 |   119 |   202 ||   466
Throw: Throwing net      |       |       |     2 ||     2
Evoke: Wand              |       |     1 |     5 ||     6
  Use: Potion            |       |     1 |     1 ||     2
       Scroll            |       |     1 |     7 ||     8
 Stab: Sleeping          |     4 |     1 |       ||     5
       Paralysed         |       |     9 |     3 ||    12
       Distracted        |       |       |     2 ||     2
  Eat: Chunk             |     1 |     5 |     5 ||    11
Armor: Ring mail         |    36 |       |    42 ||    78
       Leather armour    |     3 |       |       ||     3
       Scale mail        |    28 |    69 |    35 ||   132
       Chain mail        |       |       |    69 ||    69
Dodge: Dodged            |   134 |    85 |   132 ||   351
